 Dungeon Crawl Stone Soup version 0.30.1-9-gdf580d7c3d (webtiles) character file.

Game seed: 782149117695734549

23 ChiefBigBeans the Shooter (level 2, -1/27 HPs)
             Began as a Naga Hunter on Oct 3, 2023.
             Slain by an ufetubus (2 damage)
             ... on level 2 of the Dungeon.
             The game lasted 00:01:20 (1040 turns).

ChiefBigBeans the Shooter (Naga Hunter)             Turns: 1040, Time: 00:01:20

Health: -1/27      AC:  5    Str: 13    XL:     2   Next: 95%
Magic:  2/2        EV:  9    Int:  9    God:
Gold:   81         SH:  0    Dex: 14    Spells: 1/1 levels left

rFire   . . .        a - +0 shortbow
rCold   . . .        (shield currently unavailable)
rNeg    . . .        c - +0 leather armour
rPois   +            j - +2 helmet
rElec   .            (no cloak)
rCorr   .            (no gloves)
SInv    +            (no barding)
Will    .....        (no amulet)
Stlth   ++           (no ring)
HPRegen 0.24/turn    (no ring)
MPRegen 0.08/turn

%: no passive effects
@: very slow
A: AC +0, large, see invisible, deformed body, poison resistance, slowness 2,
spit poison 1, naga tail 1
a: Spit Poison


You were on level 2 of the Dungeon.
You visited 1 branch of the dungeon, and saw 2 of its levels.

You collected 81 gold pieces.

Inventory:

Hand Weapons
 a - a +0 shortbow (weapon)
Armour
 c - a +0 leather armour (worn)
 j - a +2 helmet (worn)
Jewellery
 h - a ring of positive energy
Scrolls
 b - a scroll of immolation
 d - 4 scrolls of identify {unknown}
 f - a scroll of blinking {unknown}
 k - a scroll of amnesia {unknown}
 l - a scroll of poison {unknown}
Potions
 e - a potion of heal wounds {unknown}
 g - a potion of flight {unknown}
 i - 2 potions of lignification {unknown}


   Skills:
 + Level 2.4 Fighting
 + Level 3.9 Ranged Weapons
 - Level 1.5 Dodging
 + Level 2.7 Stealth


You had one spell level left.
You didn't know any spells.
Your spell library was empty.

Dungeon Overview and Level Annotations

Branches:
Dungeon (2/15)

Altars:


Innate Abilities, Weirdness & Mutations

Your serpentine skin is tough. (AC +0)
You have supernaturally acute eyesight. (SInv)
Armour fits poorly on your strangely shaped body.
Your system is resistant to poisons. (rPois)
You cover ground very slowly.
You can spit poison.
You have a snake-like lower body.


Message History

The ufetubus shouts!
The splash of poison misses the ufetubus.
The ufetubus hits you. The ufetubus closely misses you.
You shoot an arrow. The arrow hits the ufetubus.
The ufetubus is heavily wounded.
The ufetubus hits you.
The ufetubus hits you but does no damage.
The ufetubus hits you.
The ufetubus hits you but does no damage.
You shoot an arrow. The arrow closely misses the ufetubus.
The ufetubus closely misses you. The ufetubus barely misses you.
An endoplasm comes into view.
The ufetubus barely misses you. x2
You shoot an arrow. The arrow misses the ufetubus.
The ufetubus hits you but does no damage.
The ufetubus barely misses you. The ufetubus closely misses you.
The ufetubus hits you but does no damage.
You shoot an arrow. The arrow hits the ufetubus.
The ufetubus is heavily wounded.
You have got your breath back.
The ufetubus barely misses you. The ufetubus hits you.
The ufetubus barely misses you.
The ufetubus hits you but does no damage.
You shoot an arrow. The arrow closely misses the ufetubus.
The ufetubus closely misses you. The ufetubus hits you.
The endoplasm freezes you.
You are frozen.
The ufetubus hits you. The ufetubus barely misses you.
The endoplasm freezes you.
You are frozen.
* * * LOW HITPOINT WARNING * * *
You are too injured to fight recklessly!
You are too injured to fight recklessly!
The ufetubus attacks as you move away! The ufetubus hits you.
* * * LOW HITPOINT WARNING * * *
The ufetubus hits you.
* * * LOW HITPOINT WARNING * * *
The ufetubus hits you.
* * * LOW HITPOINT WARNING * * *
The ufetubus hits you.
You die...

...## #...#
#... $.> ..# #
#.#
.####.##.###
......>@5J.#
..............#
...##.####.####
# #. .# # #


You could see an ufetubus and an endoplasm.

Vanquished Creatures
  4 endoplasms (D:1)
  3 goblins (D:1)
  3 hobgoblins (D:1)
  3 jackals (D:1)
  A quokka (D:1)
  A ball python (D:1)
  2 frilled lizards (D:1)
  A kobold (D:1)
  2 rats (D:1)
20 creatures vanquished.

Notes
Turn   | Place    | Note
-------+----------+-------------------------------------------
     0 | D:1      | ChiefBigBeans the Naga Hunter began the quest for the Orb.
     0 | D:1      | Reached XP level 1. HP: 19/19 MP: 1/1
   223 | D:1      | Reached XP level 2. HP: 10/26 MP: 2/2
  1040 | D:2      | HP: 1/27 [ufetubus (4)]
  1040 | D:2      | Slain by an ufetubus

Illustrated notes

Levels and vault maps discovered:
D:1:      lightli_arrival_statue_moat, layout_basic
D:2:      layout_loops_ring, uniq_sigmund

Skill      XL: |  1 |
---------------+----+-----
Stealth        | 2 |  2.7
Fighting       | |  2.4
Ranged Weapons | |  3.9
Dodging        | |  1.5

Action                     || total
---------------------------++-------
   Fire: Shortbow          ||    66
Ability: Spit Poison       ||     4
 Armour: Leather armour    ||    13
  Dodge: Dodged            ||    34
